AoeStats
← pippo

Lombardia

509675992Analyzed
2v2 RM · 5d ago on Sep 27, 2026· 51m 45s· 4 players
Game mode
Random Map
Map size
Medium (4 player)
Population
200
Speed
Normal
Resources
Standard
Victory
Conquest
Starting age
Dark Age
Ending age
Imperial Age
RankedLock teamsTeams togetherTeam positionsShared explorationLock speedFull tech treeHidden civsTurbo modeCheats
Victory
Defeat
🇨🇭 Mongols · Switzerland
957
+16
🇨🇭 Khmer · Switzerland
901
+18
🇧🇪 Berbers · Belgium
962
-17
🇨🇱 Khmer · Chile
945
-17
marco
8:20 Loom
12:47 Feudal Age
17:41 Castle Age
16:56 Double-Bit Axe
21:15 Bow Saw
20:49 Horse Collar
21:26 Scale Barding Armor
25:47 Fletching
26:40 Heavy Plow
27:27 Padded Archer Armor
29:35 Gold Mining
30:50 Thumb Ring
32:05 Bodkin Arrow
33:37 Leather Archer Armor
39:24 Gold Shaft Mining
40:17 Wheelbarrow
43:42 Imperial Age
42:26 Stone Mining
42:54 Hand Cart
43:16 Town Watch
45:23 Conscription
45:11 Bracer
45:53 Parthian Tactics
47:21 Ballistics
48:01 Chemistry
46:30 Light Cavalry
47:27 Bloodlines
47:21 Husbandry
46:44 Light Cavalry
48:50 Elite Mangudai
50:08 Hoardings
50:37 Chain Barding Armor
50:27 Forging
50:23 Hussar
pippo
14:20 Feudal Age
18:15 Castle Age
16:00 Horse Collar
16:08 Double-Bit Axe
17:31 Wheelbarrow
17:55 Forging
19:30 Bow Saw
19:22 Heavy Plow
23:00 Bloodlines
23:02 Husbandry
26:07 Scale Barding Armor
28:31 Hand Cart
28:43 Ballistics
32:00 Loom
32:31 Tusk Swords
35:14 Iron Casting
35:00 Chain Barding Armor
38:52 Fletching
42:17 Imperial Age
42:18 Town Watch
43:01 Elite Battle Elephant
46:05 Conscription
45:50 Town Patrol
47:46 Blast Furnace
Zarathustra
0:45 Loom
14:10 Feudal Age
16:05 Double-Bit Axe
20:09 Forging
22:05 Castle Age
21:18 Bloodlines
20:58 Horse Collar
23:25 Bow Saw
27:04 Wheelbarrow
26:33 Heavy Plow
27:46 Town Watch
28:06 Gold Mining
32:39 Scale Barding Armor
32:51 Husbandry
33:18 Hand Cart
34:47 Kasbah
35:04 Fletching
35:20 Padded Archer Armor
36:24 Leather Archer Armor
36:13 Bodkin Arrow
37:51 Chain Barding Armor
38:28 Town Patrol
40:26 Forging
41:56 Ballistics
43:36 Iron Casting
42:45 Light Cavalry
48:23 Imperial Age
45:44 Pikeman
46:25 Squires
46:38 Scale Mail Armor
48:20 Chain Mail Armor
48:18 Stone Mining
49:03 Gold Shaft Mining
50:04 Chemistry
49:12 Siege Engineers
49:29 Conscription
51:52 Plate Mail Armor
TheMayck
12:02 Feudal Age
16:30 Castle Age
25:52 Double-Bit Axe
29:10 Husbandry
29:49 Bloodlines
39:13 Loom
47:29 Loom
47:37 Loom
48:29 Wheelbarrow
47:40 Town Watch
50:18 Horse Collar
Connection lost

Rejoining the realm…

Still unreachable

The connection could not be restored.

Session expired

The server has moved on; the page needs a fresh start.